 Dungeon Crawl Stone Soup version 0.30.0-19-g36f170ea60 (webtiles) character file.

Game seed: 16681646906992933168

604032 Iich the Slayer (level 26, -9/231 HPs)
             Began as a Demonspawn Fighter on May 24, 2023.
             Was an Initiate of Gozag.
             Killed from afar by an ancient lich (83 damage)
             ... with a crystal spear
             ... while paralysed by a dread lich
             ... on level 4 of the Realm of Zot on May 26, 2023.
             The game lasted 02:37:04 (67528 turns).

Iich the Slayer (Demonspawn Fighter)               Turns: 67528, Time: 02:37:04

Health: -9/231     AC: 37    Str: 22    XL:     26   Next: 5%
Magic:  36/36      EV: -1    Int: 14    God:    Gozag
Gold:   9398       SH:  0    Dex: 23    Spells: 41/44 levels left

rFire   + . .        a - +9 broad axe (vamp)
rCold   + . .        y - +6 tower shield {AC+3}
rNeg    + + +        e - +6 plate armour {rC+}
rPois   .            O - +2 helmet {SInv}
rElec   +            (cloak unavailable)
rCorr   .            M - +2 pair of gloves
SInv    +            S - +2 pair of boots {rampage}
Will    +....        A - amulet of Leaves {Reflect +Blink Will+ Dex+3 SH+5}
Stlth   +            V - ring of the Hare {EV+10}
HPRegen 0.58/turn    W - ring of Aplej {Contam rF+ rN+++ Will- Dex+3}
MPRegen 0.25/turn

%: reflection, rampage
@: paralysed, constricted, studying Stealth
A: large bone plates 2, ignite blood 3, augmentation 3, demonic magic 3,
weakness stinger 3, talons 1, clever 1, electricity resistance
}: 4/15 runes: barnacled, silver, abyssal, gossamer
a: Renounce Religion, Evoke Blink, Potion Petition, Call Merchant, Bribe Branch


You were on level 4 of the Realm of Zot.
You worshipped Gozag.
Gozag was greatly pleased with you.
You visited 10 branches of the dungeon, and saw 47 of its levels.
You visited the Abyss 5 times.
You also visited: Bailey, Ice Cave and Volcano.

You collected 34855 gold pieces.
You spent 7116 gold pieces at shops.
You paid 18341 gold pieces to Gozag.

Inventory:

Hand Weapons
 a - a +9 vampiric broad axe (weapon)
Armour
 e - a +6 plate armour of cold resistance (worn)
 y - a +6 tower shield of protection (worn)
 M - a +2 pair of gloves (worn)
 O - a +2 helmet of see invisible (worn)
 S - a +2 pair of boots of rampaging (worn)
Jewellery
 i - a ring of willpower
 m - a ring of resist corrosion
 p - a +6 ring of dexterity
 r - a +4 ring of protection
 A - the amulet of Leaves (around neck) {Reflect +Blink Will+ Dex+3 SH+5}
   (You took it off a tengu reaver on level 5 of the Vaults)

   [amulet of reflection]

   It reflects blocked missile attacks.
   Dex:       It affects your dexterity (+3).
   +Blink:    It lets you blink.
   SH:        It affects your SH (+5).
   Will:      It increases your willpower.
 C - a ring of resist corrosion
 I - a ring of protection from cold
 J - a +4 ring of protection
 V - the ring of the Hare (left hand) {EV+10}
   (You bought it in a shop on level 2 of the Orcish Mines)

   [ring of evasion]

   EV:        It affects your evasion (+10).
 W - the ring of Aplej (right hand) {Contam rF+ rN+++ Will- Dex+3}
   (You took it off a deep elf zephyrmancer on level 13 of the Dungeon)

   [ring of protection from fire]

   Dex:       It affects your dexterity (+3).
   rF:        It protects you from fire.
   rN:        It renders you almost immune to negative energy.
   Contam:    It causes magical contamination when unequipped.
   Will:      It decreases your willpower.
Wands
 w - a wand of flame (90)
 D - a wand of digging (20)
 E - a wand of iceblast (27)
 P - a wand of mindburst (21)
 R - a wand of light (53)
 U - a wand of paralysis (28)
Scrolls
 f - 3 scrolls of poison
 g - 8 scrolls of fear
 k - 5 scrolls of magic mapping
 o - 9 scrolls of fog
 s - 5 scrolls of silence
 t - 25 scrolls of teleportation
 B - 4 scrolls of blinking
 F - a scroll of torment
 H - a scroll of brand weapon
 L - a scroll of vulnerability
 N - a scroll of immolation
 Q - 4 scrolls of butterflies
Potions
 b - 2 potions of invisibility
 c - 9 potions of mutation
 d - 7 potions of might
 h - 5 potions of haste
 j - 8 potions of flight
 l - 7 potions of heal wounds
 n - 4 potions of resistance
 q - 16 potions of curing
 u - a potion of lignification
 v - 6 potions of cancellation
 x - 7 potions of ambrosia
 K - a potion of magic
 T - 7 potions of berserk rage
Miscellaneous
 z - a condenser vane
 G - a box of beasts
 X - a phial of floods
 Y - a phantom mirror
 Z - a lightning rod (4/4)


   Skills:
 + Level 24.1 Fighting
 + Level 19.7 Axes
 + Level 16.4 Armour
 + Level 20.2 Dodging
 - Level 10.8 Stealth
 + Level 16.4 Shields
 - Level 9.8 Spellcasting
 - Level 9.8 Air Magic
 + Level 6.5 Evocations


You had 41 spell levels left.
You knew the following spells:

 Your Spells              Type           Power      Damage    Failure   Level
a - Swiftness             Air            34%        N/A       11%         3

Your spell library contained the following spells:

 Spells                   Type           Power      Damage    Failure   Level
 Shock                    Conj/Air       80%        1d8       28%         1
 Airstrike                Air            17%        2d(3-19)  36%         4
 Poisonous Vapours        Pois/Air       40%        N/A       38%         2
 Static Discharge         Conj/Air       40%        2-4/arc   38%         2
 Cigotuvi's Dreadful Rot  Necr/Pois/Air  32%        N/A       63%         2
 Vhi's Electric Charge    Tloc/Air       40%        N/A       63%         3
 Mephitic Cloud           Conj/Pois/Air  16%        N/A       85%         3
 Kiss of Death            Conj/Necr      24%        2d7       91%         1
 Magic Dart               Conj           24%        1d4       91%         1
 Necrotise                Necr           24%        1d5       91%         1
 Sandblast                Erth           12%        2d6       91%         1
 Slow                     Hex            24%        N/A       91%         1
 Summon Small Mammal      Summ           24%        N/A       91%         1
 Blink                    Tloc           12%        N/A       97%         2
 Call Imp                 Summ           12%        N/A       97%         2
 Ensorcelled Hibernation  Hex/Ice        12%        N/A       97%         2
 Lesser Beckoning         Tloc           12%        N/A       97%         2
 Momentum Strike          Conj/Tloc      12%        3d8       97%         2
 Passwall                 Tmut/Erth      5%         N/A       97%         2
 Sublimation of Blood     Necr           6%         N/A       97%         2
 Call Canine Familiar     Summ           6%         N/A       99%         3
 Confusing Touch          Hex            6%         N/A       99%         3
 Dazzling Flash           Conj/Hex       12%        N/A       99%         3
 Frozen Ramparts          Ice            12%        1d2       99%         3
 Gell's Gravitas          Tloc           6%         N/A       99%         3
 Hailstorm                Conj/Ice       6%         3d4       99%         3
 Inner Flame              Hex/Fire       6%         N/A       99%         3
 Ozocubu's Armour         Ice            6%         N/A       99%         3
 Portal Projectile        Hex/Tloc       12%        N/A       99%         3
 Spider Form              Tmut/Pois      6%         N/A       99%         3
 Stone Arrow              Conj/Erth      12%        3d7       99%         3
 Summon Guardian Golem    Hex/Summ       6%         N/A       99%         3
 Teleport Other           Tloc           6%         N/A       99%         3
 Tukima's Dance           Hex            6%         N/A       99%         3
 Vampiric Draining        Necr           6%         2d6       99%         3
 Volatile Blastmotes      Fire/Tloc      12%        2d11      99%         3
 Anguish                  Hex/Necr       3%         N/A       100%        4
 Animate Armour           Summ/Erth      12%        N/A       100%        4
 Dispel Undead            Necr           6%         3d8       100%        4
 Flame Wave               Conj/Fire      6%         2d5       100%        4
 Ice Form                 Ice/Tmut       6%         N/A       100%        4
 Iskenderun's Mystic Bla  Conj/Tloc      6%         2d4       100%        4
 Leda's Liquefaction      Hex/Erth       3%         N/A       100%        4
 Manifold Assault         Tloc           6%         N/A       100%        4
 Olgreb's Toxic Radiance  Pois           6%         N/A       100%        4
 Passage of Golubria      Tloc           6%         N/A       100%        4
 Petrify                  Tmut/Erth      6%         N/A       100%        4
 Sticky Flame             Conj/Fire      6%         2d3       100%        4
 Summon Ice Beast         Ice/Summ       6%         N/A       100%        4
 Agony                    Necr           6%         N/A       100%        5
 Arcjolt                  Conj/Air       10%        1d20      100%        5
 Blade Hands              Tmut           3%         N/A       100%        5
 Borgnjor's Vile Clutch   Necr/Erth      3%         N/A       100%        5
 Freezing Cloud           Conj/Ice/Air   8%         6-21      100%        5
 Irradiate                Conj/Tmut      3%         3d12      100%        5
 Metabolic Englaciation   Hex/Ice        3%         N/A       100%        5
 Silence                  Hex/Air        10%        N/A       100%        5
 Summon Forest            Summ/Tloc      3%         N/A       100%        5
 Summon Mana Viper        Hex/Summ       6%         N/A       100%        5
 Yara's Violent Unravell  Hex/Tmut       3%         3d4       100%        5
 Conjure Ball Lightning   Conj/Air       10%        3x3d6     100%        6
 Death Channel            Necr           3%         N/A       100%        6
 Dispersal                Tloc           3%         N/A       100%        6
 Eringya's Noxious Bog    Tmut/Pois      3%         N/A       100%        6
 Iron Shot                Conj/Erth      3%         9d2       100%        6
 Plasma Beam              Fire/Air       10%        2x1d23    100%        6
 Starburst                Conj/Fire      3%         6d3       100%        6
 Statue Form              Tmut/Erth      4%         N/A       100%        6
 Summon Cactus Giant      Summ           3%         N/A       100%        6
 Dragon Form              Tmut           3%         N/A       100%        7
 Enfeeble                 Hex            3%         N/A       100%        7
 Haunt                    Necr/Summ      3%         N/A       100%        7
 Ozocubu's Refrigeration  Ice            3%         4d8       100%        7
 Storm Form               Tmut/Air       10%        N/A       100%        7
 Summon Hydra             Summ           3%         N/A       100%        7
 Borgnjor's Revivificati  Necr           3%         N/A       100%        8
 Discord                  Hex            3%         N/A       100%        8
 Disjunction              Tloc           3%         N/A       100%        8
 Ignition                 Fire           3%         3d4       100%        8
 Infestation              Necr           3%         N/A       100%        8
 Maxwell's Capacitive Co  Air            17%        ∞         100%        8
 Necromutation            Tmut/Necr      3%         N/A       100%        8
 Chain Lightning          Conj/Air       10%        3d13      100%        9
 Death's Door             Necr           3%         N/A       100%        9
 Dragon's Call            Summ           3%         N/A       100%        9
 Fire Storm               Conj/Fire      3%         8d1       100%        9
 Polar Vortex             Ice            3%         N/A       100%        9
 Shatter                  Erth           3%         3d7*      100%        9
 Animate Dead             Necr           Unusable   N/A       N/A         4
 Simulacrum               Ice/Necr       Unusable   N/A       N/A         6

Dungeon Overview and Level Annotations

Branches:
Dungeon (15/15)            Temple (1/1) D:5            Lair (5/5) D:10
 Shoals (4/4) Lair:3       Spider (4/4) Lair:3        Slime (0/5) Lair:4
    Orc (2/2) D:12            Elf (3/3) Orc:2        Vaults (5/5) D:14
  Crypt (0/3) Vaults:3     Depths (4/4) D:15            Zot (4/5) Depths:4
 Bailey (visited)           IceCv (visited)         Volcano (visited)

Altars:
Ashenzari
Cheibriados
Dithmenos
Fedhas
Gozag
Hepliaklqana
Kikubaaqudgha
Makhleb
Nemelex Xobeh
Okawaru
Qazlal
Ru
Sif Muna
Trog
Uskayaw
Vehumet
Wu Jian
Xom
Yredelemnul
Jiyva

Shops:
D:4 *   D:6 [   D:7 :   D:12 *   D:15 *   Orc:2 *(:=   Elf:1 [   Elf:2 ?
Lair:5 *(   Shoals:3 *[   Shoals:4 *   Vaults:2 *=*   Vaults:3 [:

Portals:
Hell: Depths:1 Depths:2 Depths:3 Depths:4
Abyss: Depths:1 Depths:3
Pandemonium: Depths:2
Ziggurat: Depths:1

Annotations:
Depths:3 2 transporters, GloriousHammer's ghost, veteran TrFi; Polaczum's ghost, adept TrMo; strangelove's ghost, master GrEE


Innate Abilities, Weirdness & Mutations

You are mostly covered in large bone plates. (SH +6)
Your demonic aura causes all spilled blood to erupt in flames.
Your magical and physical power is greatly enhanced at high health.
Spells you cast and wands you use may paralyse nearby enemies.
You have a sharp stinger which inflicts weakening toxins.
You have sharp toenails.
Your mind is acute. (Int +4, Str/Dex -1)
You are resistant to electric shocks. (rElec)


Message History

The ancient lich gestures at you while chanting.
The crystal spear hits you!!!
The tentacled monstrosity tentacle-slaps you!
* * * LOW HITPOINT WARNING * * *
The tentacled monstrosity tentacle-slaps you but does no damage. x2
The tentacled monstrosity grabs you.
The tentacled monstrosity constricts you.
* * * LOW HITPOINT WARNING * * *
The ancient lich touches you but does no damage.
The dread lich touches you but does no damage.
The fire dragon bites you but does no damage.
The fire dragon claws you but does no damage.
The fire dragon tramples you.
* * * LOW HITPOINT WARNING * * *
You are held in place!
You hear a deafening roar!
The ancient lich is engulfed in blazing flames.
The ancient lich touches you but does no damage.
The tentacled monstrosity tentacle-slaps you!
* * * LOW HITPOINT WARNING * * *
The tentacled monstrosity tentacle-slaps you but does no damage.
The tentacled monstrosity tentacle-slaps you.
* * * LOW HITPOINT WARNING * * *
The tentacled monstrosity constricts you.
The dread lich casts a spell.
The lich is engulfed in blazing flames.
The lich touches you but does no damage.
The fire dragon is engulfed in blazing flames.
The fire dragon bites you but does no damage.
The fire dragon claws you but does no damage.
The fire dragon tramples you but does no damage.
A golden dragon comes into view.
The dread lich touches you but does no damage.
The ancient lich touches you.
* * * LOW HITPOINT WARNING * * *
The ancient lich is engulfed in blazing flames.
The ancient lich points at you and mumbles some strange words.
The crystal spear hits you!!!!
You die...
Your body crumbles into a pile of gold.

$ $ ... .. .. .
. .. . . $
$.##. .##.$ $
$.... #.J.$$ $
.## .C# #dH.##.
$$...#D#LCd..$$
$$ $ #..L@# $
#.2DXLLd.$#
#...#DL.#...#
#... #.#.# ...#
... .2 $. ...
.. .$$ $$. .. D
##' +## . /) $
$


You could see a tentacled monstrosity, a titan, a golden dragon, 2 ancient
liches, 2 dread liches, a storm dragon, a frost giant (corroded), a yellow
draconian, a red draconian, a white draconian (catching breath), a fire dragon,
a quicksilver dragon, a sphinx, a hell beast (summoned), a lich (fast,
invisible), a quicksilver ooze shaped shifter and a hellion (summoned).

Vanquished Creatures
  2 ancient liches (Vaults:5)
  Frederick (Vaults:2)
  A caustic shrike (Depths:2)
  Bai Suzhen (Depths:2)
  Xtahua (Vaults:5)
  A curse toe (Zot:2)
  Saint Roka (Elf:2)
  11 golden dragons
  5 bone dragons
  2 profane servitors (Abyss:3)
  A pearl dragon (Abyss:3)
  An electric golem (Zot:1)
  16 tentacled monstrosities
  A hellephant (Abyss:3)
  Rupert (Lair:3)
  6 liches
  A quicksilver dragon (Zot:1)
  3 titans (Vaults:5)
  2 acid blobs (Depths:4)
  The ghost of sheffield53 the Severer, an adept MiBe of Trog (Shoals:2)
  2 deep elf blademasters (Elf:3)
  4 deep elf master archers (Elf:3)
  An Executioner (Abyss:3)
  Polyphemus (Shoals:2)
  2 krakens
  7 tentacled starspawn (Abyss:3)
  6 death cobs
  9 sphinxes
  6 tengu reavers
  6 shadow dragons
  11 storm dragons
  A draconian monk (Zot:1)
  7 azure jellies (Depths:4)
  A rockslime (shapeshifter) (Vaults:5)
  3 iron dragons
  8 rockslimes
  Donald (Vaults:2)
  7 frost giants
  3 draconian knights
  8 fire giants
  12 vault wardens
  6 draconian scorchers
  3 emperor scorpions
  6 ghost moths
  6 deep elf sorcerers (Elf:3)
  2 draconian stormcallers
  A balrug (Abyss:3)
  5 spectral caustic shrikes (Depths:3)
  4 draconian shifters
  4 cacodemons (Abyss:3)
  4 draconian annihilators
  7 deep elf elementalists
  5 quicksilver oozes (Depths:4)
  6 orc warlords
  An angel (Abyss:3)
  24 ironbound preservers
  A broodmother (Spider:4)
  7 ironbound thunderhulks
  15 very ugly things
  2 spriggan defenders (Depths:3)
  13 stone giants
  7 deep elf demonologists
  4 green draconians
  7 black draconians
  A vampire knight (Depths:3)
  26 dire elephants
  7 deep elf annihilators
  11 red draconians
  The ghost of safid the Gelid, a journeyman MfIE of Vehumet (Orc:1)
  11 white draconians
  5 purple draconians
  9 spark wasps
  A bunyip (Abyss:3)
  5 yellow draconians
  A crystal guardian (Vaults:3)
  11 deep elf death magi
  An eidolon (Abyss:3)
  5 fire dragons
  11 merfolk impalers
  5 entropy weavers
  The ghost of Juzi the Cleaver, a journeyman MiFi of Ru (Orc:1)
  17 yaktaur captains
  6 merfolk javelineers
  13 ettins
  2 rakshasas (Abyss:3)
  4 deep elf high priests
  3 ogre magi
  A peacekeeper (Vaults:3)
  5 great orbs of eyes
  A hell beast (Depths:2)
  8 hydras
  14 ice dragons
  3 catoblepae
  34 vault guards
  An anaconda (shapeshifter) (Vaults:5)
  Fannar (Lair:3)
  25 centaur warriors
  9 ironbound frosthearts
  3 jorogumos
  2 spriggan air magi
  11 boulder beetles
  8 merfolk avatars
  A radroach (Spider:4)
  3 alligator snapping turtles (Shoals:4)
  14 two-headed ogres
  4 merfolk aquamancers (Shoals:4)
  Erica (Orc:1)
  2 satyrs (Shoals:4)
  30 dancing weapons
  3 deep troll shamans
  9 deep troll earth magi
  8 tengu warriors
  15 death yaks
  21 hell knights
  An orc high priest (Elf:1)
  3 spriggan berserkers
  3 hell hogs (Abyss:3)
  16 thrashing horrors
  Urug (Orc:1)
  2 skeletal warriors (D:12)
  A sun demon (Abyss:3)
  23 deep elf knights
  A fire crab (shapeshifter) (D:15)
  A soul eater (Abyss:3)
  9 wretched stars
  Sonja (D:11)
  9 pharaoh ants
  6 skysharks
  3 sixfirhies (Abyss:3)
  11 iron trolls
  2 flayed ghosts (Depths:3)
  9 orb spiders
  A sea snake (shapeshifter) (Vaults:5)
  7 spatial maelstroms (Abyss:3)
  2 glowing orange brains
  2 death drakes (Abyss:3)
  64 deep trolls
  5 sea snakes
  A swamp dragon (Lair:5)
  2 orange crystal statues
  A glowing orange brain (shapeshifter) (Elf:2)
  A spriggan simulacrum (Abyss:3)
  12 lindwurms
  7 wizards
  14 ironbound convokers
  14 deep elf archers
  35 deep elf pyromancers
  33 deep elf zephyrmancers
  10 harpies
  21 starcursed masses (Abyss:3)
  7 orc knights
  3 phantasmal warriors
  5 necromancers
  10 orc sorcerers
  8 steelbarb worms
  11 wolf spiders
  12 fauns
  A shining eye (shapeshifter) (D:14)
  9 manticores
  32 ugly things
  A moth of wrath (shapeshifter) (Vaults:5)
  3 worldbinders (Abyss:3)
  A cyclops (shapeshifter) (Depths:3)
  2 salamanders
  23 moths of wrath
  12 cyclopes
  A manticore (shapeshifter) (Depths:3)
  A centaur zombie (Abyss:3)
  A naga mage (Abyss:3)
  7 elephants
  4 black mambas
  7 merfolk sirens
  3 molten gargoyles (Volcano)
  17 vault sentinels
  Maurice (D:11)
  7 water nymphs
  6 demonic crawlers
  A guardian serpent (Abyss:3)
  8 smoke demons
  4 gargoyles
  2 storm dragon simulacra (IceCv)
  8 torpor snails
  8 cane toads
  3 efreet
  5 rime drakes
  A hellion (Abyss:3)
  6 kobold demonologists
  5 orange demons
  2 unseen horrors (D:12)
  49 yaktaurs
  Psyche (D:12)
  5 tengu conjurers
  A tormentor (Abyss:3)
  An alligator snapping turtle skeleton (Abyss:3)
  2 ice devils
  6 golden dragon simulacra (IceCv)
  3 freezing wraiths
  A hellwing (Abyss:3)
  9 komodo dragons
  A red devil (Depths:2)
  3 tyrant leeches (Lair:5)
  28 merfolk
  Prince Ribbit (D:5)
  7 trolls
  5 snapping turtles
  7 wind drakes
  A polar bear (D:10)
  8 ancient zymes (Abyss:3)
  6 meliai
  25 tarantellas
  21 hornets
  13 blink frogs
  10 raiju (Abyss:3)
  7 dream sheep
  47 slime creatures
  25 jumping spiders
  Sigmund (D:2)
  3 air elementals
  17 culicivoras
  A culicivora (shapeshifter) (Vaults:5)
  3 centaur simulacra
  A vampire (Abyss:3)
  4 shadows
  2 spriggans (Depths:4)
  27 water elementals
  8 ynoxinuls (Abyss:3)
  10 wraiths
  6 wyverns
  3 fire bats (Abyss:3)
  A golden eye (shapeshifter) (D:15)
  17 humans (D:14)
  6 neqoxecs
  33 yaks
  A golden eye (Depths:4)
  4 basilisks
  The ghost of Fractals the Sneak, an amateur DsBr (D:3)
  2 fire elementals
  2 steam dragons (Lair:5)
  Menkaure (D:4)
  59 redbacks
  9 vampire mosquitoes
  A chaos spawn (Abyss:3)
  18 spatial vortices (Abyss:3)
  2 nagas (Abyss:3)
  22 large abominations
  9 acid dragons
  14 water moccasins
  3 wargs
  Duvessa (D:4)
  24 small abominations
  70 orc warriors
  A sky beast (shapeshifter) (Vaults:5)
  4 sky beasts
  12 ogres
  2 black bears
  An ice beast (D:10)
  8 ice dragon simulacra (IceCv)
  4 boggarts (D:14)
  26 wolves
  17 centaurs
  2 kobold brigands
  17 bullfrogs
  A gnoll sergeant (D:10)
  5 scorpions
  2 earth elementals
  3 wights (D:9)
  Dowan (D:4)
  10 killer bees
  3 howler monkeys (D:10)
  4 lindwurm simulacra (IceCv)
  An electric eel (D:10)
  4 hounds
  A quasit (Abyss:3)
  Crazy Yiuf (D:4)
  2 gnoll boudas
  4 jellies
  14 orc priests
  3 iron imps
  5 iguanas
  34 orc wizards
  Robin (D:1)
  16 gnolls
  9 adders
  3 shadow imps
  3 white imps
  8 ufetubi
  3 worms
  110 orcs
  9 endoplasms
  3 giant cockroaches (D:1)
  12 hobgoblins
  3 jackals (D:4)
  8 quokkas
  5 ball pythons
  9 bats
  3 frilled lizards
  19 goblins
  28 kobolds
  2 rats (D:2)
  A lurking horror (Abyss:3)
  4 starspawn tentacles (Abyss:3)
  8 tentacles
2419 creatures vanquished.

Vanquished Creatures (collateral kills)
  An orc knight (Orc:1)
  A golden dragon simulacrum (IceCv)
  An orc warrior (Orc:1)
3 creatures vanquished.

Vanquished Creatures (others)
  A fire giant (Vaults:5)
  A draconian stormcaller (Zot:3)
  A deep elf elementalist (Elf:3)
  A draconian annihilator (Zot:3)
  A black draconian (Zot:1)
  2 deep elf high priests (Elf:3)
  2 merfolk aquamancers
  A harpy (Shoals:4)
  A wizard (Volcano)
  A deep elf zephyrmancer (Elf:3)
  A molten gargoyle (Volcano)
  A tengu conjurer (D:15)
  A meliai (Spider:3)
  A merfolk (Shoals:4)
  A hornet (Abyss:3)
  A neqoxec (Abyss:3)
  A spatial vortex (Abyss:3)
  An orc priest (Orc:1)
  An orc wizard (Orc:2)
  4 lurking horrors
  18 starspawn tentacles (Abyss:3)
  4 tentacles (Shoals:3)
47 creatures vanquished.

Grand Total: 2469 creatures vanquished

Notes
Turn   | Place    | Note
-------+----------+-------------------------------------------
     0 | D:1      | Iich the Demonspawn Fighter began the quest for the Orb.
     0 | D:1      | Reached XP level 1. HP: 18/18 MP: 1/1
   424 | D:1      | Gained mutation: You have a small tail. [demonic ancestry]
   424 | D:1      | Reached XP level 2. HP: 22/24 MP: 2/2
   664 | D:2      | Noticed Robin
   672 | D:2      | Noticed Sigmund
  1182 | D:1      | Reached XP level 3. HP: 23/29 MP: 3/3
  1265 | D:1      | Killed Robin
  1906 | D:2      | Got the Elucidation of the Hidden Vale
  1983 | D:2      | Killed Sigmund
  1984 | D:2      | Reached skill level 4 in Fighting
  1984 | D:2      | Reached XP level 4. HP: 26/38 MP: 4/4
  1984 | D:2      | Gained mutation: Your demonic aura sometimes causes spilled
                  | blood to erupt in flames. [demonic ancestry]
  1984 | D:2      | Reached XP level 5. HP: 29/43 MP: 5/5
  3006 | D:3      | Found a runed translucent door.
  3011 | D:3      | Noticed Fractals's ghost (amateur DsBr)
  3069 | D:3      | Found a faded altar of an unknown god.
  3073 | D:3      | Identified a scroll of acquirement
  3075 | D:3      | Acquired 1216 gold pieces
  3122 | D:3      | Gained mutation: You are partially covered in large bone
                  | plates. (SH +4) [demonic ancestry]
  3122 | D:3      | Reached XP level 6. HP: 47/49 MP: 6/6
  3479 | D:3      | Reached skill level 5 in Axes
  3479 | D:3      | Reached skill level 1 in Dodging
  3489 | D:3      | Killed Fractals's ghost
  3490 | D:3      | Reached skill level 5 in Fighting
  3490 | D:3      | Gained mutation: You have a tail ending in a sharp stinger.
                  | [demonic ancestry]
  3490 | D:3      | Reached XP level 7. HP: 56/56 MP: 7/7
  3517 | D:4      | Noticed Duvessa
  3522 | D:4      | Noticed Dowan
  3969 | D:4      | Noticed Menkaure
  3977 | D:4      | Killed Menkaure
  4019 | D:4      | Found a runed translucent door.
  4020 | D:4      | Noticed Crazy Yiuf
  4032 | D:4      | Killed Crazy Yiuf
  4120 | D:4      | Found Pock's General Store.
  4126 | D:4      | Bought a +6 ring of dexterity for 468 gold pieces
  4532 | D:4      | Killed Duvessa
  4545 | D:4      | Killed Dowan
  4769 | D:4      | Found a broken altar of Ashenzari.
  4771 | D:4      | Found a radiant altar of Vehumet.
  4845 | D:5      | Entered Level 5 of the Dungeon
  4865 | D:5      | Noticed Prince Ribbit
  4872 | D:5      | Killed Prince Ribbit
  4873 | D:5      | Gained mutation: Spells you cast may paralyse adjacent
                  | enemies. [demonic ancestry]
  4873 | D:5      | Reached XP level 8. HP: 38/64 MP: 8/8
  4906 | D:5      | Reached skill level 6 in Fighting
  5389 | D:5      | HP: 2/65 [iguana (11)]
  5896 | D:5      | Found a staircase to the Ecumenical Temple.
  6003 | Temple   | Entered the Ecumenical Temple
  6144 | Temple   | Became a worshipper of Gozag Ym Sagoz the Greedy
  6374 | D:6      | Noticed a hornet
  6389 | D:6      | Killed a hornet
  6390 | D:6      | Gained mutation: You have a sharp stinger which inflicts
                  | weakening toxins. [demonic ancestry]
  6390 | D:6      | Reached XP level 9. HP: 51/71 MP: 9/9
  6667 | D:6      | Acquired a +1 pair of boots of stealth
  6675 | D:6      | Acquired the amulet of Xom's Amusement {Reflect Str+5 Dex-5
                  | SH+5 SInv}
  6682 | D:6      | Acquired 409 gold pieces
  6772 | D:6      | Found Fiackuon's Armour Emporium.
  6778 | D:6      | Found an iron altar of Okawaru.
  6795 | D:6      | Bought a +2 tower shield of protection for 322 gold pieces
  6795 | D:6      | Bought a +2 chain mail of poison resistance for 277 gold
                  | pieces
  6818 | D:6      | Found a sacrificial altar of Ru.
  6856 | D:6      | Reached skill level 7 in Fighting
  7024 | D:6      | Gained mutation: You have hidden genetic defects. [potion
                  | of mutation]
  7024 | D:6      | Gained mutation: You are covered in fur. (AC +1) [potion of
                  | mutation]
  7025 | D:6      | Lost mutation: You have hidden genetic defects. [potion of
                  | mutation]
  7025 | D:6      | Lost mutation: You are covered in fur. (AC +1) [potion of
                  | mutation]
  7025 | D:6      | Gained mutation: You are strong-willed. (Will+) [potion of
                  | mutation]
  7025 | D:6      | Gained mutation: You have a pair of small horns on your
                  | head. [potion of mutation]
  7329 | D:7      | Reached skill level 5 in Dodging
  7451 | D:7      | Found Wuowuagil's Book Boutique.
  7455 | D:7      | Bought a manual of Stealth for 960 gold pieces
  7881 | D:8      | Reached skill level 1 in Stealth
  7921 | D:8      | Found a stormy altar of Qazlal.
  8374 | D:8      | Reached XP level 10. HP: 80/80 MP: 10/10
  8685 | D:9      | Reached skill level 8 in Fighting
  8805 | D:9      | Reached skill level 10 in Axes
  8811 | D:9      | Got the Exposition on Rot
  8959 | D:9      | Reached skill level 5 in Stealth
  8973 | D:9      | Found a hide-covered altar of Uskayaw.
  9024 | D:9      | Noticed a two-headed ogre
  9030 | D:9      | Killed a two-headed ogre
  9244 | D:10     | Entered Level 10 of the Dungeon
  9244 | D:10     | Found a staircase to the Lair.
  9308 | D:10     | Found a flagged portal.
  9317 | D:10     | Noticed an eight-headed hydra
  9320 | D:10     | Noticed an orc knight
  9332 | D:10     | Killed an 11-headed hydra
  9333 | D:10     | HP: 3/82 [centaur/arrow (4)]
  9334 | Bailey   | Entered a bailey
  9565 | Bailey   | Noticed an orc warlord
  9684 | Bailey   | Found a runed translucent gate.
  9684 | Bailey   | Found a runed translucent gate.
  9691 | Bailey   | Found a runed translucent gate.
  9815 | Bailey   | Reached skill level 9 in Fighting
  9815 | Bailey   | Gained mutation: Spells you cast may paralyse nearby
                  | enemies. [demonic ancestry]
  9815 | Bailey   | Reached XP level 11. HP: 90/90 MP: 11/11
  9860 | Bailey   | Killed an orc warlord
  9861 | Bailey   | Reached XP level 12. HP: 95/97 MP: 12/12
  9872 | Bailey   | Identified the ring of Eternal Night {rF+ Slay+3}
  9888 | Bailey   | Reached skill level 10 in Fighting
  9888 | Bailey   | Reached XP level 13. HP: 103/103 MP: 13/13
  9910 | D:10     | Reached skill level 10 in Stealth
 10235 | D:10     | Found an ancient bone altar of Kikubaaqudgha.
 10235 | D:10     | Found a blossoming altar of Fedhas.
 11177 | D:11     | Noticed Maurice
 11177 | D:11     | Noticed Sonja
 11180 | D:11     | Killed Maurice
 11185 | D:11     | Killed Sonja
 12051 | Lair:1   | Entered Level 1 of the Lair of Beasts
 12148 | Lair:1   | Identified the staff of conjuration "Iseu" {rN+++ MP-9
                  | Int+2 SInv}
 12623 | Lair:1   | Found a transporter.
 12625 | Lair:1   | Found a transporter.
 13189 | Lair:2   | Reached skill level 11 in Fighting
 13412 | Lair:2   | Identified the +10 long sword "Cipnyllishu" {freeze, rN++
                  | Int-2 Dex+3}
 13829 | Lair:2   | Found a radiant altar of Vehumet.
 14251 | Lair:3   | Noticed Rupert
 14260 | Lair:3   | Paralysed by Rupert for 4 turns
 14276 | Lair:3   | Killed Rupert
 14483 | Lair:3   | Noticed Fannar
 14484 | Lair:3   | Found a dark tunnel.
 14495 | Lair:3   | Killed Fannar
 14519 | Volcano  | Entered a volcano
 14672 | Volcano  | Reached XP level 14. HP: 114/114 MP: 14/14
 14763 | Volcano  | Noticed an orb of fire
 14775 | Volcano  | Reached skill level 10 in Dodging
 14790 | Volcano  | HP: 4/114 [molten gargoyle/bolt of magma (15)]
 15045 | Volcano  | Noticed an orb of fire
 15472 | Lair:3   | Found a staircase to the Shoals.
 15481 | Lair:3   | Reached skill level 12 in Fighting
 15491 | Lair:3   | Reached skill level 15 in Axes
 15781 | Lair:3   | Found a hole to the Spider Nest.
 15985 | Lair:4   | Found a viscous altar of Jiyva.
 15985 | Lair:4   | Found a staircase to the Slime Pits.
 16885 | Lair:5   | Entered Level 5 of the Lair of Beasts
 17190 | Lair:5   | Bought a scroll of identify for 38 gold pieces
 17190 | Lair:5   | Bought a scroll of identify for 38 gold pieces
 17190 | Lair:5   | Bought a scroll of identify for 38 gold pieces
 17190 | Lair:5   | Bought 2 potions of mutation for 304 gold pieces
 17838 | Lair:5   | Identified the +0 hand axe "Noesk" {venom, rF+ Int+2}
 18224 | Lair:5   | Reached skill level 13 in Fighting
 18238 | Lair:5   | Identified the +2 ring mail of the Lily {rElec Will+ Str+3
                  | Int-3}
 18581 | Lair:5   | Found a runed translucent door.
 18624 | Lair:5   | Paralysed by a hornet for 3 turns
 18659 | Lair:5   | HP: 5/118 [hornet (11)]
 18666 | Lair:5   | Gained mutation: Spells you cast and wands you use may
                  | paralyse nearby enemies. [demonic ancestry]
 18666 | Lair:5   | Reached XP level 15. HP: 32/123 MP: 15/15
 18945 | Lair:5   | Paralysed by a hornet for 2 turns
 19721 | D:12     | Found a staircase to the Orcish Mines.
 19764 | D:12     | Noticed Psyche
 19777 | D:12     | Killed Psyche
 19798 | D:12     | Identified the +12 quarterstaff of Uncertain Death {freeze,
                  | Int+3}
 19816 | D:12     | Paralysed by an ogre mage for 3 turns
 20401 | D:12     | Found Faplyl's General Store.
 20408 | D:12     | Bought a potion of curing for 36 gold pieces
 20408 | D:12     | Bought a scroll of magic mapping for 90 gold pieces
 22043 | D:13     | Reached skill level 14 in Fighting
 22178 | D:13     | Identified the ring of Aplej {Contam rF+ rN+++ Will- Dex+3}
 22374 | D:13     | Identified the staff of cold "Nenitien" {rC+ Will++ Str-5
                  | Int+2 Stlth+}
 23035 | D:14     | Found a gate to the Vaults.
 23043 | D:14     | Gained mutation: You are mostly covered in large bone
                  | plates. (SH +6) [demonic ancestry]
 23043 | D:14     | Reached XP level 16. HP: 133/133 MP: 16/16
 23258 | D:14     | Gained mutation: You do not regenerate when monsters are
                  | visible. [a shining eye]
 23496 | D:14     | Lost mutation: You are strong-willed. (Will+) [potion of
                  | mutation]
 23496 | D:14     | Lost mutation: You have a pair of small horns on your head.
                  | [potion of mutation]
 23496 | D:14     | Gained mutation: Your magical capacity is low. (-10% MP)
                  | [potion of mutation]
 23496 | D:14     | Gained mutation: Your muscles are strong. (Str +4, Int/Dex
                  | -1) [potion of mutation]
 23497 | D:14     | Lost mutation: You do not regenerate when monsters are
                  | visible. [potion of mutation]
 23497 | D:14     | Lost mutation: Your muscles are strong. (Str +4, Int/Dex
                  | -1) [potion of mutation]
 23497 | D:14     | Lost mutation: Your magical capacity is low. (-10% MP)
                  | [potion of mutation]
 23497 | D:14     | Gained mutation: You are resistant to electric shocks.
                  | (rElec) [potion of mutation]
 23497 | D:14     | Gained mutation: You are somewhat resistant to further
                  | mutation. [potion of mutation]
 23524 | D:14     | Got the Incunabulum of Horrible Fog
 23970 | D:15     | Entered Level 15 of the Dungeon
 24067 | D:15     | Found a staircase to the Depths.
 24242 | D:15     | Found Saloedyu's Assorted Antiques.
 24248 | D:15     | Bought a box of beasts for 1680 gold pieces
 24248 | D:15     | Bought a large bronze ring for 210 gold pieces
 25216 | Orc:1    | Entered Level 1 of the Orcish Mines
 25240 | Orc:1    | Paralysed by an orc sorcerer for 5 turns
 25375 | Orc:1    | Found a runed translucent gate.
 25375 | Orc:1    | Found a runed translucent gate.
 25375 | Orc:1    | Found a runed translucent gate.
 25376 | Orc:1    | Noticed Juzi's ghost (journeyman MiFi)
 25377 | Orc:1    | Noticed safid's ghost (journeyman MfIE)
 25406 | Orc:1    | Noticed Erica
 25411 | Orc:1    | Noticed Urug
 25421 | Orc:1    | Killed Erica
 25445 | Orc:1    | Killed Urug
 25752 | Orc:1    | Reached skill level 15 in Fighting
 25763 | Orc:1    | Paralysed by an orc sorcerer for 3 turns
 26195 | Orc:1    | Identified the amulet of Cejiapik {rN+++ Regen+ Str-4}
 26272 | Orc:1    | Identified the +6 broad axe "Ymefahi" {freeze, Int+6 SInv}
 26714 | Orc:1    | Killed safid's ghost
 26722 | Orc:1    | Killed Juzi's ghost
 26733 | Orc:1    | Identified the amulet of the Messenger {Spirit rC+}
 26778 | Orc:2    | Entered Level 2 of the Orcish Mines
 26897 | Orc:2    | Found a staircase to the Elven Halls.
 27016 | Orc:2    | Found Arinoaf's Antique Weapon Shoppe.
 27016 | Orc:2    | Found Muckaapn's Book Boutique.
 27021 | Orc:2    | Found Kiduisk's Jewellery Shop.
 27348 | Orc:2    | Found Pisisuutwy's Assorted Antiques.
 27357 | Orc:2    | Bought a wand of light (4) for 520 gold pieces
 27357 | Orc:2    | Bought a wand of digging (1) for 130 gold pieces
 27605 | Spider:1 | Entered Level 1 of the Spider Nest
 27694 | Spider:1 | Identified the +0 scale mail of the Stonemason {Regen+
                  | MP+9}
 27874 | Spider:1 | Reached skill level 5 in Shields
 27987 | Spider:1 | Reached skill level 5 in Armour
 28015 | Spider:1 | Acquired a +6 broad axe of freezing
 28066 | Spider:1 | Reached XP level 17. HP: 142/142 MP: 17/17
 29197 | Orc:2    | Bought the ring of the Hare {EV+10} for 1408 gold pieces
 29197 | Orc:2    | Found the ring of the Hare {EV+10}
 29919 | Orc:1    | Lost mutation: You are resistant to electric shocks.
                  | (rElec) [potion of mutation]
 29919 | Orc:1    | Lost mutation: You are somewhat resistant to further
                  | mutation. [potion of mutation]
 29919 | Orc:1    | Gained mutation: Your spells are a little harder to cast,
                  | but a little more powerful. [potion of mutation]
 29919 | Orc:1    | Gained mutation: Your system is resistant to poisons.
                  | (rPois) [potion of mutation]
 29919 | Orc:1    | Gained mutation: You possess an exceptional clarity of
                  | mind. [potion of mutation]
 31552 | Spider:3 | Reached skill level 16 in Fighting
 32141 | Shoals:1 | Entered Level 1 of the Shoals
 32969 | Shoals:2 | Found a frozen archway.
 32985 | IceCv    | Entered an ice cave
 33580 | IceCv    | Noticed a golden dragon
 33593 | IceCv    | HP: 1/144 [golden dragon simulacrum (25)]
 33595 | IceCv    | Killed a golden dragon
 33887 | IceCv    | Identified the ring of Supa {rF+ Will+ MP+9}
 34150 | Shoals:2 | Noticed Polyphemus
 34163 | Shoals:2 | Killed Polyphemus
 34171 | Shoals:2 | Noticed sheffield53's ghost (adept MiBe)
 34173 | Shoals:2 | Found a runed translucent gate.
 34191 | Shoals:2 | Found a runed translucent gate.
 34399 | Shoals:2 | Identified the ring "Raene" {Fire Str+5 Dex+4}
 34401 | Shoals:2 | Found a runed translucent gate.
 34427 | Shoals:2 | Gained mutation: Your demonic aura often causes spilled
                  | blood to erupt in flames. [demonic ancestry]
 34427 | Shoals:2 | Reached XP level 18. HP: 140/153 MP: 18/18
 35077 | Shoals:2 | Killed sheffield53's ghost
 35662 | Shoals:3 | Found Itsis's General Store.
 35716 | Shoals:3 | Bought a potion of mutation for 120 gold pieces
 36012 | Shoals:3 | Reached skill level 15 in Dodging
 36126 | Shoals:3 | Found Legreyre's Armour Shop.
 36676 | Depths:1 | Entered Level 1 of the Depths
 36749 | Depths:1 | Found a blossoming altar of Fedhas.
 36996 | Depths:1 | Found a one-way gateway to a ziggurat.
 37020 | Depths:1 | Found a gateway to Hell.
 37136 | Depths:1 | Reached skill level 17 in Fighting
 37209 | Abyss:2  | Found a corrupted altar of Lugonu.
 37209 | Abyss:2  | Cast into level 2 of the Abyss (a wizard)
 37213 | Depths:1 | Escaped the Abyss
 37392 | Depths:1 | Found a one-way gate to the infinite horrors of the Abyss.
 37427 | Depths:1 | Identified the +3 chain mail of Mochimno {Rampage +Inv
                  | Stlth+}
 37812 | Depths:1 | Found a blossoming altar of Fedhas.
 37926 | Depths:1 | Noticed a lich
 37934 | Depths:1 | Killed a lich
 38373 | Depths:2 | Noticed Bai Suzhen
 38388 | Depths:2 | Killed Bai Suzhen
 38673 | Depths:2 | Noticed a caustic shrike
 38683 | Depths:2 | Noticed a tentacled monstrosity
 38684 | Depths:2 | Killed a caustic shrike
 38697 | Depths:2 | Killed a tentacled monstrosity
 38889 | Depths:2 | Identified the staff of death "Qokadua" {rN+ MP+9 Str+4}
 39050 | Depths:2 | Found a basalt altar of Yredelemnul.
 39142 | Depths:2 | Found a one-way gate leading to the halls of Pandemonium.
 39150 | Depths:2 | Reached XP level 19. HP: 158/161 MP: 19/19
 39563 | Depths:3 | Paralysed by a sphinx for 3 turns
 39571 | Depths:3 | Reached skill level 10 in Shields
 39574 | Depths:3 | Reached skill level 10 in Armour
 39589 | Depths:3 | Noticed a golden dragon
 39602 | Depths:3 | Killed a golden dragon
 39956 | Depths:3 | Learned a level 3 spell: Swiftness
 40130 | Depths:3 | Noticed Polaczum's ghost (adept TrMo)
 40131 | Depths:3 | Noticed strangelove's ghost (master GrEE)
 40134 | Depths:3 | Noticed a caustic shrike
 40135 | Depths:3 | Noticed a juggernaut
 40139 | Depths:3 | Noticed GloriousHammer's ghost (veteran TrFi)
 40223 | Depths:3 | Reached skill level 1 in Spellcasting
 40223 | Depths:3 | Reached skill level 1 in Air Magic
 40649 | Depths:3 | Reached skill level 18 in Fighting
 40654 | Depths:3 | Found a transporter.
 40654 | Depths:3 | Found a transporter.
 40662 | Depths:3 | Identified the +5 halberd of Kumum {freeze, rElec rF- rN+}
 41261 | Depths:4 | Entered Level 4 of the Depths
 41628 | Depths:4 | Noticed a bone dragon
 41668 | Depths:3 | Killed a bone dragon
 42072 | Depths:4 | Paralysed by a great orb of eyes for 3 turns
 42211 | Depths:4 | Found a gate to the Realm of Zot.
 42282 | Depths:4 | Found an ornate altar of the Wu Jian Council.
 42327 | Depths:4 | Paralysed by a great orb of eyes for 3 turns
 42652 | Depths:4 | Reached skill level 5 in Spellcasting
 42652 | Depths:4 | Reached skill level 5 in Air Magic
 42936 | Depths:4 | Gained mutation: Your magical and physical power is
                  | slightly enhanced at high health. [demonic ancestry]
 42936 | Depths:4 | Reached XP level 20. HP: 161/172 MP: 26/28
 43752 | Spider:4 | Entered Level 4 of the Spider Nest
 44118 | Spider:4 | Reached skill level 19 in Fighting
 44362 | Spider:4 | Got a gossamer rune of Zot
 44851 | Shoals:4 | Entered Level 4 of the Shoals
 44970 | Shoals:4 | Identified the staff of death "Vyuluoho" {rF+ rN+}
 45857 | Shoals:4 | Identified the staff of poison "Motuss" {rPois rCorr}
 46007 | Shoals:4 | Got a barnacled rune of Zot
 46043 | Shoals:4 | Found Zusal's Overcharged Wands.
 46858 | Vaults:1 | Entered Level 1 of the Vaults
 47884 | Vaults:1 | Gained mutation: Your magical and physical power is
                  | enhanced at high health. [demonic ancestry]
 47884 | Vaults:1 | Reached XP level 21. HP: 158/182 MP: 33/33
 48042 | Vaults:1 | Reached skill level 20 in Fighting
 48666 | Vaults:2 | Noticed Frederick
 48679 | Vaults:2 | Killed Frederick
 49731 | Vaults:2 | Found Dujecsio's General Store.
 49737 | Vaults:2 | Bought a potion of haste for 140 gold pieces
 49740 | Vaults:2 | Noticed Donald
 49746 | Vaults:2 | Killed Donald
 50267 | Vaults:2 | Bought a potion of heal wounds for 195 gold pieces
 50444 | Vaults:3 | You fall into a shaft and drop 1 floor!
 50610 | Vaults:4 | Identified the +9 dagger of Haomotau {heavy, Will+}
 51523 | Vaults:3 | Reached XP level 22. HP: 187/192 MP: 35/35
 51640 | Vaults:3 | Reached skill level 21 in Fighting
 51836 | Vaults:3 | Found Amoogaiq's Book Emporium.
 51839 | Vaults:3 | Found a staircase to the Crypt.
 52063 | Vaults:3 | Identified the +0 robe "Xoilyhim" {Str+4}
 52149 | Vaults:3 | Found Zofo's Armour Shop.
 52855 | Depths:1 | Voluntarily entered the Abyss.
 52856 | Abyss:2  | Found a corrupted altar of Lugonu.
 53128 | Abyss:3  | Found a blossoming altar of Fedhas.
 53334 | Abyss:3  | Found a blossoming altar of Fedhas.
 53540 | Abyss:3  | Gained mutation: You occasionally lose the ability to drink
                  | potions when taking damage. [a neqoxec]
 53605 | Abyss:3  | Found a corrupted altar of Lugonu.
 53644 | Abyss:3  | Found a corrupted altar of Lugonu.
 53732 | Abyss:3  | Gained mutation: You are clumsy. (Dex -2) [a cacodemon]
 53732 | Abyss:3  | Gained mutation: You are vulnerable to heat. (rF-) [a
                  | cacodemon]
 53747 | Abyss:3  | Paralysed by a floating eye for 2 turns
 53763 | Abyss:3  | Noticed a dread lich
 53767 | Abyss:3  | Paralysed by a floating eye for 4 turns
 53777 | Abyss:3  | Found a corrupted altar of Lugonu.
 53782 | Abyss:3  | Paralysed by an air elemental for 1 turns
 53784 | Depths:1 | Escaped the Abyss
 53788 | Depths:1 | Paralysed by an air elemental for 1 turns
 54320 | Depths:1 | Voluntarily entered the Abyss.
 54320 | Abyss:3  | Found a corrupted altar of Lugonu.
 54517 | Abyss:3  | Lost intelligence.
 54686 | Depths:1 | Escaped the Abyss
 55082 | Elf:1    | Entered Level 1 of the Elven Halls
 55288 | Elf:1    | Found Zoohuxarhu's Armour Shop.
 55410 | Elf:1    | Upgraded the game from 0.30.0-18-gc0e69614cb to
                  | 0.30.0-19-g36f170ea60
 55415 | Elf:1    | Gained mutation: Your magical and physical power is greatly
                  | enhanced at high health. [demonic ancestry]
 55415 | Elf:1    | Reached XP level 23. HP: 202/202 MP: 36/36
 56320 | Elf:2    | Noticed Saint Roka
 56332 | Elf:2    | Killed Saint Roka
 56436 | Elf:2    | Reached skill level 22 in Fighting
 56507 | Elf:2    | Found Ihyint's Magic Scroll Shoppe.
 56524 | Elf:2    | Bought a scroll of brand weapon for 142 gold pieces
 56691 | Elf:2    | Acquired 957 gold pieces
 56725 | Elf:2    | Found a runed translucent gate.
 56777 | Elf:2    | Found a runed translucent gate.
 56778 | Elf:2    | Found a runed translucent gate.
 57326 | Elf:3    | Entered Level 3 of the Elven Halls
 57369 | Abyss:3  | Cast into level 3 of the Abyss (a deep elf demonologist)
 57381 | Abyss:3  | Lost mutation: Your system is resistant to poisons. (rPois)
                  | [potion of mutation]
 57381 | Abyss:3  | Lost mutation: You are clumsy. (Dex -2) [potion of
                  | mutation]
 57381 | Abyss:3  | Gained mutation: You have an increased reservoir of magic.
                  | (+10% MP) [potion of mutation]
 57381 | Abyss:3  | Gained mutation: You have a pair of small antennae on your
                  | head. [potion of mutation]
 57382 | Abyss:3  | Lost mutation: You possess an exceptional clarity of mind.
                  | [potion of mutation]
 57382 | Abyss:3  | Lost mutation: You occasionally lose the ability to drink
                  | potions when taking damage. [potion of mutation]
 57382 | Abyss:3  | Gained mutation: A frigid envelope surrounds you and
                  | freezes all who hurt you. [potion of mutation]
 57382 | Abyss:3  | Gained mutation: You are completely covered in large bone
                  | plates. (SH +8) [potion of mutation]
 57382 | Abyss:3  | Gained mutation: You have sharp toenails. [potion of
                  | mutation]
 57597 | Abyss:3  | Paralysed by accursed screaming for 1 turns
 57784 | Abyss:3  | Found a corrupted altar of Lugonu.
 57804 | Abyss:3  | HP: 9/204 [??? (3)]
 57837 | Elf:3    | Escaped the Abyss
 58534 | Elf:3    | Paralysed by an air elemental for 1 turns
 58613 | Elf:3    | HP: 8/205 [deep elf annihilator/poison arrow (28)]
 58866 | Elf:3    | Identified the +2 falchion of Nops {pain, rF+}
 58868 | Elf:3    | Identified the +5 mace of the Fulmar {drain, rC+ Will+}
 58872 | Elf:3    | Reached XP level 24. HP: 212/212 MP: 40/40
 58879 | Elf:3    | Identified the +1 robe of Valiance {*Corrode Will+ Stlth+}
 58888 | Elf:3    | Identified the staff of poison "Bussinonk" {rPois Dex+3}
 58948 | Elf:3    | Lost mutation: You have an increased reservoir of magic.
                  | (+10% MP) [potion of mutation]
 58948 | Elf:3    | Lost mutation: You are completely covered in large bone
                  | plates. (SH +8) [potion of mutation]
 58948 | Elf:3    | Lost mutation: You are vulnerable to heat. (rF-) [potion of
                  | mutation]
 58948 | Elf:3    | Gained mutation: Armour fits poorly on your strangely
                  | shaped body. [potion of mutation]
 58948 | Elf:3    | Gained mutation: Your system is resistant to poisons.
                  | (rPois) [potion of mutation]
 58949 | Elf:3    | Lost mutation: A frigid envelope surrounds you and freezes
                  | all who hurt you. [potion of mutation]
 58949 | Elf:3    | Lost mutation: Your system is resistant to poisons. (rPois)
                  | [potion of mutation]
 58949 | Elf:3    | Lost mutation: You have sharp toenails. [potion of
                  | mutation]
 58949 | Elf:3    | Lost mutation: Your spells are a little harder to cast, but
                  | a little more powerful. [potion of mutation]
 58949 | Elf:3    | Gained mutation: You are occasionally teleported next to
                  | monsters. [potion of mutation]
 58949 | Elf:3    | Gained mutation: You are weak. (Str -2) [potion of
                  | mutation]
 58950 | Elf:3    | Lost mutation: You are occasionally teleported next to
                  | monsters. [potion of mutation]
 58950 | Elf:3    | Lost mutation: You have a pair of small antennae on your
                  | head. [potion of mutation]
 58950 | Elf:3    | Gained mutation: You have a pair of small antennae on your
                  | head. [potion of mutation]
 58950 | Elf:3    | Gained mutation: You are frail. (-10% HP) [potion of
                  | mutation]
 58950 | Elf:3    | Gained mutation: You have a somewhat thin skeletal
                  | structure. (Dex +2, Stealth+) [potion of mutation]
 58951 | Elf:3    | Lost mutation: You are frail. (-10% HP) [potion of
                  | mutation]
 58951 | Elf:3    | Lost mutation: Armour fits poorly on your strangely shaped
                  | body. [potion of mutation]
 58951 | Elf:3    | Lost mutation: You have a somewhat thin skeletal structure.
                  | (Dex +2, Stealth+) [potion of mutation]
 58951 | Elf:3    | Gained mutation: You have hidden genetic defects. [potion
                  | of mutation]
 58952 | Elf:3    | Lost mutation: You have hidden genetic defects. [potion of
                  | mutation]
 58952 | Elf:3    | Lost mutation: You have a pair of small antennae on your
                  | head. [potion of mutation]
 58952 | Elf:3    | Gained mutation: Your flesh is heat resistant. (rF+)
                  | [potion of mutation]
 58952 | Elf:3    | Gained mutation: You occasionally lose the ability to read
                  | scrolls when taking damage. [potion of mutation]
 58952 | Elf:3    | Gained mutation: You are covered in fur. (AC +1) [potion of
                  | mutation]
 58952 | Elf:3    | Gained mutation: You have a somewhat thin skeletal
                  | structure. (Dex +2, Stealth+) [potion of mutation]
 59030 | Elf:3    | Got Fumawk's Directory of Composition
 59034 | Elf:3    | Identified the staff of fire "Ohogumpu" {rElec rF+ Int+5
                  | Dex-3 Stlth+}
 59541 | Elf:3    | Lost mutation: Your flesh is heat resistant. (rF+) [potion
                  | of mutation]
 59541 | Elf:3    | Lost mutation: You are covered in fur. (AC +1) [potion of
                  | mutation]
 59541 | Elf:3    | Gained mutation: You have a pair of small horns on your
                  | head. [potion of mutation]
 59541 | Elf:3    | Gained mutation: Your spells are a little harder to cast,
                  | but a little more powerful. [potion of mutation]
 59542 | Elf:3    | Lost mutation: You have a somewhat thin skeletal structure.
                  | (Dex +2, Stealth+) [potion of mutation]
 59542 | Elf:3    | Lost mutation: Your spells are a little harder to cast, but
                  | a little more powerful. [potion of mutation]
 59542 | Elf:3    | Lost mutation: You are weak. (Str -2) [potion of mutation]
 59542 | Elf:3    | Gained mutation: You occasionally shout uncontrollably at
                  | your foes. [potion of mutation]
 59542 | Elf:3    | Gained mutation: You have hidden genetic potential. [potion
                  | of mutation]
 59542 | Elf:3    | Gained mutation: You have a pair of horns on your head.
                  | [potion of mutation]
 59543 | Elf:3    | Lost mutation: You occasionally shout uncontrollably at
                  | your foes. [potion of mutation]
 59543 | Elf:3    | Lost mutation: You have a pair of horns on your head.
                  | [potion of mutation]
 59543 | Elf:3    | Lost mutation: You occasionally lose the ability to read
                  | scrolls when taking damage. [potion of mutation]
 59543 | Elf:3    | Gained mutation: You occasionally shout uncontrollably at
                  | your foes. [potion of mutation]
 59544 | Elf:3    | Lost mutation: You have a pair of small horns on your head.
                  | [potion of mutation]
 59544 | Elf:3    | Lost mutation: You occasionally shout uncontrollably at
                  | your foes. [potion of mutation]
 59544 | Elf:3    | Lost mutation: You have hidden genetic potential. [potion
                  | of mutation]
 59544 | Elf:3    | Gained mutation: You have sharp toenails. [potion of
                  | mutation]
 59544 | Elf:3    | Gained mutation: You are resistant to electric shocks.
                  | (rElec) [potion of mutation]
 59544 | Elf:3    | Gained mutation: Your mind is acute. (Int +4, Str/Dex -1)
                  | [potion of mutation]
 59965 | Vaults:5 | Entered Level 5 of the Vaults
 59967 | Vaults:5 | Noticed an ancient lich
 59968 | Vaults:5 | Paralysed by a sphinx for 5 turns
 59971 | Vaults:5 | Identified the amulet of Leaves {Reflect +Blink Will+ Dex+3
                  | SH+5}
 60019 | Vaults:5 | Killed an ancient lich
 60164 | Vaults:5 | Paralysed by a sphinx for 5 turns
 60687 | Vaults:5 | Identified the +0 ring mail of Qazlal's Benevolence {rCorr
                  | Str+7 Int-4}
 60767 | Vaults:5 | Reached skill level 23 in Fighting
 60943 | Vaults:5 | Reached skill level 15 in Shields
 60943 | Vaults:5 | Noticed an ancient lich
 60948 | Vaults:5 | Reached skill level 15 in Armour
 60978 | Vaults:5 | Killed an ancient lich
 61276 | Vaults:5 | Noticed Xtahua
 61285 | Vaults:5 | Paralysed by Xtahua for 4 turns
 61290 | Vaults:5 | Killed Xtahua
 61533 | Vaults:5 | Got the Parchment of Glowing Adjuration
 61568 | Vaults:5 | Got Luvig's Grimoire of Hoarfrost
 61637 | Vaults:5 | Got a silver rune of Zot
 62112 | Vaults:5 | Identified the +5 flail of Fedhas's Hatred {freeze, +Blink
                  | rC++ Dex-5 SInv}
 62462 | Depths:3 | Voluntarily entered the Abyss.
 62472 | Abyss:3  | Found a corrupted altar of Lugonu.
 62473 | Abyss:3  | Found a corrupted altar of Lugonu.
 62501 | Abyss:3  | Paralysed by accursed screaming for 1 turns
 62507 | Abyss:3  | Paralysed by accursed screaming for 1 turns
 62542 | Abyss:3  | Reached skill level 1 in Evocations
 62597 | Abyss:3  | Found a corrupted altar of Lugonu.
 62659 | Abyss:3  | Gained mutation: Your demonic aura causes all spilled blood
                  | to erupt in flames. [demonic ancestry]
 62659 | Abyss:3  | Reached XP level 25. HP: 44/221 MP: 36/36
 62681 | Abyss:3  | Found a corrupted altar of Lugonu.
 62699 | Abyss:3  | Got an abyssal rune of Zot
 62701 | Abyss:3  | HP: 1/176 [hellephant/blast of flame (41)]
 62999 | Depths:3 | Escaped the Abyss
 63643 | Zot:1    | Entered Level 1 of the Realm of Zot
 64917 | Zot:1    | Got the Anthology of the Swarm
 64986 | Zot:1    | Got the Almanac of Percussion
 65029 | Zot:1    | Identified the +2 ring mail of Pantheism {rF+}
 65577 | Zot:2    | Reached skill level 5 in Evocations
 65816 | Zot:2    | Noticed a Killer Klown
 65819 | Zot:2    | a Killer Klown changed into a rockslime
 66518 | Zot:3    | Reached skill level 24 in Fighting
 66570 | Zot:3    | Found a transporter.
 66793 | Zot:3    | Acquired 595 gold pieces
 66797 | Zot:3    | Acquired 600 gold pieces
 66904 | Zot:3    | Found a transporter.
 67214 | Zot:3    | Identified the +0 helmet of Lelilufo {rElec Int+3}
 67313 | Zot:4    | Noticed an ancient lich
 67328 | Zot:4    | Noticed an ancient lich
 67330 | Zot:4    | Noticed a dread lich
 67331 | Zot:4    | Noticed a dread lich
 67337 | Zot:3    | Reached XP level 26. HP: 223/231 MP: 33/36
 67526 | Zot:4    | Paralysed by a dread lich for 5 turns
 67528 | Zot:4    | Killed from afar by an ancient lich

Illustrated notes

Levels and vault maps discovered:
D:1:      minmay_arrival_three_doors, layout_basic, minivault_4, minmay_domino_2
D:2:      layout_basic, minmay_ruptured, uniq_sigmund, uniq_robin
D:3:      layout_loops_cross, shapermc_ecumenical_altar_notcrosses,
          ebering_ghost_sewer_d
D:4:      layout_basic, grunt_temple_overflow_diamond, serial_shops,
          nicolae_shop_tiny_real_fake_doors, nicolae_ossuary_entry_ruins,
          kennysheep_flooded_box, uniq_duvessa, uniq_menkaure,
          uniq_crazy_yiuf_cottage
D:5:      layout_cave_pools, minmay_temple_entry_mini_moons, st_stairs_7,
          uniq_prince_ribbit1
D:6:      layout_loops_ring, grunt_temple_overflow_open, serial_shops, shop,
          hangedman_decor_clover_reticule, nicolae_water_bricks
D:7:      layout_basic, serial_shops, shop, minmay_misc_feat_x, fountainhead
D:8:      layout_gridville, nicolae_qazlal_beasts_of_the_sky
D:9:      layout_roguey, lemuel_doored_altar
D:10:     layout_grid_maze, grunt_temple_overflow_growth_and_decay,
          lair_entry_dummy, serial_ice, serial_ice_a, serial_ice_k,
          serial_ice_f, serial_ice_m, enter_bailey_6, minmay_bent
D:11:     layout_roguey, uniq_sonja, uniq_maurice
D:12:     minmay_the_grid_triangle_9x9_recursive_3_mashed
          [minmay_the_grid_triangle_9x9_from_above,
          minmay_the_grid_triangle_9x9_semitri,
          minmay_the_grid_triangle_9x9_warning,
          minmay_the_grid_triangle_9x9_prize_center,
          minmay_the_grid_triangle_9x9_corrupted_corridor,
          minmay_the_grid_triangle_9x9_zippers_vertical,
          minmay_the_grid_triangle_9x9_negative_grid,
          minmay_the_grid_triangle_9x9_limited_checkers,
          minmay_the_grid_triangle_9x9_odd_lines], layout_basic, david_orc_4,
          serial_shops, nicolae_shop_crystal, uniq_psyche
D:13:     minmay_elf_outpost, layout_basic, drop_trap, kennysheep_pointless_box
D:14:     layout_basic, grunt_vaults_entry_tiered, fountainhead
D:15:     hangedman_depths_entry_civil_slaughter, layout_basic, serial_shops,
          shop
Temple:   compressed_dpeg_triangle_lava_temple
Lair:1:   gammafunk_boulding_lane, layout_cave_pods, st_stairs_6
Lair:2:   layout_chaotic_city, basic_altar, hangedman_lair_unloving_vines,
          beast_lair_carwin_11
Lair:3:   layout_roguey, nicolae_shoals_entry_roost,
          spider_nest_entry_funnel_web, enter_volcano_2, uniq_fannar,
          uniq_rupert
Lair:4:   layout_loops_ring, dpeg_slime_entry_enclosed,
          chequers_serial_rivers_marsh
Lair:5:   guppyfry_lair_end_dragon, layout_small_grid, wormcave
Shoals:1: layout_shoals, nicolae_shoals_gull_way
Shoals:2: layout_shoals, gammafunk_ghost_split,
          portal_ice_cave_entry_pillars_four, uniq_polyphemus
Shoals:3: nicolae_shoals_lighthouse, layout_shoals, serial_shops,
          shop_fountains, nicolae_shop_tiny_statue_garden,
          nicolae_shoals_nautilus_by_nature
Shoals:4: shoals_end_simple, layout_shoals, nicolae_shop_overcharged_wands
Spider:1: layout_spider_delve, nicolae_spider_claw_tunnel
Spider:2: layout_spider_delve
Spider:3: layout_cave_pods, nicolae_spider_cling_ruins
Spider:4: grunt_spider_rune_parallel
Orc:1:    layout_caves, gammafunk_ghost_cemetery, minmay_orc_treasury,
          uniq_erica, uniq_urug
Orc:2:    st_orc_rangers, layout_caves
Elf:1:    eino_elf_arrival_the_gate, layout_loops_corners, serial_glass,
          glass_columns_a, glass_columns_c, serial_shops,
          nicolae_shop_just_a_little_nook, minmay_elf_crystal_heptagon
Elf:2:    nicolae_elf_blades_splatter_lattice
          [nicolae_blade_entry_diamond_columns], layout_geoelf_octagon,
          serial_shops, shop, uniq_saint_roka
Elf:3:    minmay_elf_hall_not_hex, layout_geoelf_castle
Vaults:1: nicolae_vaults_double_plus_1, ontoclasm_vaults_twist, v_misc_3,
          nicolae_vaults_stepped_doors, nicolae_vaults_trapezoid_lopsided_3,
          v_misc_25, v_misc_10, v_rooms_3, nicolae_vaults_heart-shaped_vault,
          st_cells, layout_vaults_omnigrid
Vaults:2: vaults_room_stairs_pillars, vaults_mumra_hex,
          nicolae_vaults_trapezoid_2, nicolae_vaults_disjoint_gnomons,
          nicolae_vaults_little_squares_1, vaults_mumra_lcd, v_misc_30,
          v_misc_3, nicolae_vaults_tangram_2, nicolae_vaults_apartment_2,
          hangedman_vaults_stretched_pinwheel, nicolae_vaults_network_barrier,
          hangedman_vaults_nails, nicolae_vaults_diamond_2,
          vaults_room_fancy_cross, layout_vaults_big_cross, serial_shops,
          nicolae_shop_rolling_square, uniq_donald, uniq_frederick
Vaults:3: v_rooms_5, nicolae_vaults_disjoint_gnomons, vaults_room_octagon,
          hangedman_vaults_trim, v_misc_13, v_pattern_1,
          nicolae_vaults_trapezoid_lopsided_3, ontoclasm_vaults_gateway,
          nicolae_vaults_tetromino_T_1, v_rooms_1,
          vaults_standard_mumra_enter_the_diamond,
          nicolae_vaults_diagonal_hallway_6, ontoclasm_vaults_ring_large,
          nicolae_vaults_cochlea, nicolae_vaults_shelves_hall,
          nicolae_vaults_whirlpool_walls, nicolae_vaults_tetromino_T_1,
          v_misc_8, nicolae_vaults_two_Ls, layout_vaults_maze,
          dummy_crypt_entry, serial_shops, shop, nicolae_book_shop_shelving
Vaults:4: nicolae_vaults_offset_grid_hallway_4, nicolae_vaults_little_squares_2,
          nicolae_vaults_three_branches, ontoclasm_vaults_tryst,
          nicolae_vaults_tetromino_Z_1, v_alt_pattern_2, layout_vaults_big_room
Vaults:5: serial_shops, uniq_xtahua
Depths:1: layout_honeycomb, enter_ziggurat_a, lemuel_tele_altar, abyss_entry,
          grunt_metal_band, fedhas_altar_4
Depths:2: kennysheep_bubble_arena, layout_cave_pools, rand_demon_pan_entry_4,
          hell_entry, yredelemnul_altar_generic, minmay_staircase_bubble,
          uniq_bai_suzhen
Depths:3: minmay_triangles_in_corner, layout_honeycomb, nzn_ghost_randoct,
          hangedman_abyss_entry_splay, pf_hell_entry_tar_river,
          infiniplex_staircase_pillars_3a, serial_bayou_shore_a
Depths:4: evilmike_zot_entry_basic, layout_cave_pools,
          nzn_wu_jian_contemplation, grunt_hell_entry_dis_mu, special_room
          [special_room_jelly]
Zot:1:    layout_basic, st_large_dragon_hoard_2, grunt_megastairs_5
Zot:2:    layout_gridville
Zot:3:    gammafunk_sealed_arena, layout_misc_corridors, grunt_megastairs_1
Zot:4:    hangedman_zot_vaults_quadrants, layout_concentric_octagons

Skill      XL: |  1  2  3  4  5  6  7  8  9 10 11 12 13 14 15 16 17 18 19 20 21 22 23 24 25 |
---------------+----------------------------------------------------------------------------+-----
Axes           | 2 4 5 6 8 9 12 14 16 17 18 19 | 19.7
Fighting       | 4 5 6 7 9 10 11 13 14 15 16 17 18 19 20 21 22 23 24 | 24.1
Dodging        | 1 3 4 5 7 8 9 11 12 13 14 15 16 17 18 19 20 | 20.2
Stealth        | 3 8 9 10 | 10.8
Armour         | 3 5 7 9 10 11 12 14 15 16 | 16.4
Shields        | 4 5 7 9 10 11 12 14 15 16 | 16.4
Spellcasting   | 5 8 9 |  9.8
Air Magic      | 5 8 9 |  9.8
Evocations     | 1 6 |  6.5

Action                     |  1- 3 |  4- 6 |  7- 9 | 10-12 | 13-15 | 16-18 | 19-21 | 22-24 | 25-27 || total
---------------------------+-------+-------+-------+-------+-------+-------+-------+-------+-------++-------
  Melee: War axe           |    86 |    80 |   312 |   185 |  1182 |   284 |       |       |       ||  2129
         Tailslap          |    11 |     7 |    56 |    41 |   274 |   309 |   336 |   346 |   159 ||  1539
         Unarmed           |       |       |     2 |       |       |       |       |       |       ||     2
         Headbutt          |       |       |    26 |    44 |   354 |    15 |       |       |       ||   439
         Broad axe         |       |       |       |       |       |  1178 |  1384 |  1567 |   561 ||  4690
   Cast: Swiftness         |       |       |       |       |       |       |     1 |       |     2 ||     3
 Invoke: Potion Petition   |       |       |       |       |     7 |     3 |     5 |    17 |     4 ||    36
         Call Merchant     |       |       |       |       |     2 |       |     2 |       |       ||     4
Ability: Evoke Blink       |       |       |       |       |       |       |       |       |     1 ||     1
  Evoke: Wand              |       |       |       |     5 |     8 |     2 |     1 |    10 |       ||    26
         Lightning rod     |       |       |       |       |       |     5 |       |     2 |       ||     7
         Box of beasts     |       |       |       |       |       |     2 |       |       |       ||     2
         Condenser vane    |       |       |       |       |       |     1 |     1 |     1 |       ||     3
         Phial of floods   |       |       |       |       |       |     1 |       |       |       ||     1
         Phantom mirror    |       |       |       |       |       |     1 |       |       |       ||     1
    Use: Scroll            |     1 |     5 |    11 |     2 |    10 |    12 |     3 |    11 |     6 ||    61
         Potion            |     2 |     2 |     7 |     2 |    10 |     5 |       |    17 |     1 ||    46
   Stab: Distracted        |       |       |     4 |       |    10 |    16 |     8 |    26 |     6 ||    70
         Invisible         |       |       |       |     2 |     3 |    10 |       |     1 |       ||    16
         Sleeping          |       |       |       |       |    15 |     3 |       |       |       ||    18
         Confused          |       |       |       |       |       |    10 |       |       |     2 ||    12
         Paralysed         |       |       |       |       |       |       |       |       |     4 ||     4
 Armour: Scale mail        |    70 |    20 |       |       |       |       |       |       |       ||    90
         Plate armour      |       |    15 |       |       |       |   229 |   237 |   321 |   167 ||   969
         Skin              |       |    19 |       |       |       |       |       |    49 |       ||    68
         Chain mail        |       |       |   120 |    92 |   288 |   166 |       |       |       ||   666
  Dodge: Dodged            |    55 |    24 |   105 |    53 |   283 |   570 |   463 |   533 |   356 ||  2442
  Block: Buckler           |    29 |    15 |   113 |       |       |       |       |       |       ||   157
         Tower shield      |       |       |   154 |   250 |  1306 |  1960 |  1543 |  1770 |   920 ||  7903
         Reflection        |       |       |    12 |    18 |    42 |    89 |   119 |   100 |    20 ||   400
